 Dungeon Crawl Stone Soup version 0.15-a0-39-g424acf8 (webtiles) character file.

160 Qrupt the Ogre Mage (level 4, -2/40 HPs)
             Began as an Ogre Wizard on Apr 3, 2014.
             Killed from afar by an orc wizard (12 damage)
             ... with a puff of flame
             ... on Level 3 of the Dungeon.
             The game lasted 00:08:11 (2886 turns).

Qrupt the Ogre Mage (Ogre Wizard)                   Turns: 2886, Time: 00:08:11

HP  -2/40        AC  3     Str 12      XL: 4   Next:  0%
MP   2/11        EV 10     Int 17      God:
Gold 103         SH  0     Dex  9      Spells:  4 memorised,  2 levels left

rFire  . . .     SeeInvis .     s - +0 mace
rCold  . . .     Clarity  .     g - +0 robe
rNeg   . . .     Conserve .     (shield restricted)
rPois  .         rCorr    .     b - +0 hat
rElec  .         rRot     .     (no cloak)
SustAb . .       Spirit   .     (gloves unavailable)
rMut   .         Warding  .     (boots unavailable)
Saprov + . .     Stasis   .     (no amulet)
MR     .....                    (no ring)
                                (no ring)

@: lethally poisoned, very slightly contaminated, not resistant to hostile
enchantments, unstealthy
A: unfitting armour, fast metabolism 1, saprovore 1, tough skin 1
a: no special abilities


You were on level 3 of the Dungeon.
You were near starving.

You visited 1 branch of the dungeon, and saw 3 of its levels.

You collected 103 gold pieces.

Inventory:

Hand weapons
 s - a +0,+0 mace (weapon)
Armour
 b - a +0 hat (worn)
 g - a +0 robe (worn)
Comestibles
 d - 4 meat rations
 i - a rambutan
 j - an apple
Scrolls
 a - a scroll of enchant armour {unknown}
 e - a scroll of blinking {unknown}
 h - 4 scrolls of remove curse {unknown}
 k - a scroll of enchant weapon I {unknown}
 l - a scroll of fear {unknown}
 m - a scroll of teleportation {unknown}
 n - a scroll of enchant weapon II {unknown}
 r - a scroll of identify {unknown}
Books
 c - a book of Minor Magic

   Spells                             Type                      Level
   *Magic Dart                        Conjuration                  1
   *Blink                             Translocation                2
   Call Imp                           Summoning                    2
   Repel Missiles                     Charms/Air                   2
   Slow                               Hexes                        2
   *Conjure Flame                     Conjuration/Fire             3
   *Mephitic Cloud                    Conjuration/Poison/Air       3
 o - a book of Unlife

   Spells                             Type                      Level
   Recall                             Summoning/Translocation      3
   Animate Dead                       Necromancy                   4
   Control Undead                     Necromancy                   4
   Twisted Resurrection               Necromancy                   5
   Death Channel                      Necromancy                   6
   Simulacrum                         Ice/Necromancy               6


   Skills:
 + Level 0.3 Fighting
 + Level 2.1 Maces & Flails
 + Level 2.4 Dodging
 - Level 1.5 Stealth
 - Level 4.0 Spellcasting
 + Level 1.4 Conjurations
   Level 0.6 Summonings
 - Level 0.6 Translocations


You had 2 spell levels left.
You knew the following spells:

 Your Spells              Type           Power        Failure   Level  Hunger
a - Magic Dart            Conj           #...         12%         1    None
b - Blink                 Tloc           N/A          21%         2    ##.....
c - Conjure Flame         Conj/Fire      #.......     38%         3    ###....
d - Mephitic Cloud        Conj/Pois/Air  #.......     47%         3    ###....


Dungeon Overview and Level Annotations

Branches:
Dungeon (3/15)

Altars:
Cheibriados
Yredelemnul


Innate Abilities, Weirdness & Mutations

You are too large for most types of armour.
You have a fast metabolism.
You can tolerate rotten meat.
You have tough skin (AC +1).


Message History

The orc wizard seems to speed up.
You feel sick. The orc hits you but does no damage.
The orc hits you but does no damage.
You see here 19 poisoned needles.
You feel sick. The orc barely misses you.
There is an open door here.
You feel sick.
The orc wizard gestures at you while chanting.
The magic dart hits you!
There is an open door, spattered with blood here.
You feel sick.
The orc wizard curses loudly.
The orc wizard glows brightly for a moment.
The orc wizard casts a spell at you. The magic dart hits you!
* * * LOW HITPOINT WARNING * * *
The orc wizard gestures at you while chanting.
The puff of flame hits you!
You die...

##o######## #..# ##.## #..#
######## ##o# #.......
##'###### #.......
##♣♣♣##.......# #.......
##..♣..##......# #....)..
#.......#...@..#### #.......
#.......#......'..# #.......
#.......#......##.# #.......
#..............##.## #.......
#######........##..###.......
#........###.<.....(...
#.>......# #####.......
########## #....... ########


You could see an orc wizard.

Vanquished Creatures
  2 adders
  A gnoll (D:1)
  3 bats (D:1)
  6 hobgoblins
  A giant newt (D:2)
  5 goblins
  6 jackals (D:1)
  3 kobolds
  3 rats
30 creatures vanquished.

Notes
Turn   | Place    | Note
--------------------------------------------------------------
     0 | D:1      | Qrupt, the Ogre Wizard, began the quest for the Orb.
     0 | D:1      | Reached XP level 1. HP: 16/16 MP: 4/4
   517 | D:1      | Reached skill level 1 in Maces & Flails
   517 | D:1      | Reached skill level 1 in Conjurations
   517 | D:1      | Reached XP level 2. HP: 24/24 MP: 0/6
   892 | D:1      | Reached XP level 3. HP: 7/31 MP: 0/8
  2067 | D:2      | Found a basalt altar of Yredelemnul.
  2124 | D:2      | Reached skill level 4 in Spellcasting
  2382 | D:2      | Learned a level 2 spell: Blink
  2386 | D:2      | Learned a level 3 spell: Conjure Flame
  2390 | D:2      | Learned a level 3 spell: Mephitic Cloud
  2578 | D:3      | Found a snail-covered altar of Cheibriados.
  2598 | D:3      | Reached XP level 4. HP: 17/40 MP: 0/11
  2886 | D:3      | Killed from afar by an orc wizard

Action                   |  1- 3 |  4- 6 || total
-------------------------+-------+-------++-------
Melee: Club              |    50 |       ||    50
       Mace              |     1 |     8 ||     9
 Cast: Magic Dart        |    80 |     2 ||    82
       Blink             |       |     3 ||     3
  Use: Potion            |       |     3 ||     3
